 Dungeon Crawl Stone Soup version 0.31-a0-435-g2c6fae2916 (webtiles) character file.

Game seed: 1475643845496321232

678 Ethylacetat the Insei (level 7, 0/58 HPs)
             Began as a Vine Stalker Monk on Aug 1, 2023.
             Was a Believer of Dithmenos.
             Slain by a scorpion (3 damage)
             ... on level 6 of the Dungeon.
             The game lasted 00:06:35 (3275 turns).

Ethylacetat the Insei (Vine Stalker Monk)           Turns: 3275, Time: 00:06:36

Health: 0/58       AC: 23    Str: 13    XL:     7   Next: 60%
Magic:  0/8        EV:  2    Int: 10    God:    Dithmenos [**....]
Gold:   79         SH:  0    Dex: 19    Spells: 6/6 levels left

rFire   . . .        e - +1 dagger (venom)
rCold   . . .        (no shield)
rNeg    . . .        a - melded +0 robe
rPois   +            (helmet currently unavailable)
rElec   .            (cloak currently unavailable)
rCorr   +            (gloves currently unavailable)
SInv    .            c - melded +0 pair of boots
Will    .....        (no amulet)
Stlth   ++           h - ring of resist corrosion
HPRegen 1.09/turn    (no ring)
MPRegen 0.11/turn

%: guardian spirit
@: tree-form, wreathed by umbra
A: stationary, stasis, torment immunity, boosted hp, (fangs 2), regeneration 1,
magic shield, (antimagic bite), no potion heal 2
a: Renounce Religion, Shadow Step


You were on level 6 of the Dungeon.
You worshipped Dithmenos.
Dithmenos was pleased with you.
You were a tree.
You visited 2 branches of the dungeon, and saw 6 of its levels.

You collected 79 gold pieces.

Inventory:

Hand Weapons
 e - a +1 dagger of venom (weapon)
Armour
 a - a +0 robe (melded)
 c - a +0 pair of boots (melded)
Jewellery
 h - a ring of resist corrosion (left branch)
Scrolls
 d - 2 scrolls of teleportation {unknown}
 f - a scroll of identify {unknown}
 g - 3 scrolls of poison {unknown}
 j - a scroll of fog {unknown}
 k - a scroll of fear {unknown}
 m - a scroll of revelation {unknown}
 n - a scroll of vulnerability {unknown}
Potions
 b - 2 potions of ambrosia
 o - a potion of might {unknown}


   Skills:
 + Level 5.1 Fighting
 + Level 4.5 Dodging
 + Level 5.4 Unarmed Combat


You had 6 spell levels left.
You didn't know any spells.
Your spell library contained the following spells:

 Spells                   Type           Power      Damage    Failure   Level
 Gell's Gravitas          Tloc           0%         N/A       75%         3
 Ignite Poison            Fire/Tmut/Pois 0%         N/A       75%         3
 Teleport Other           Tloc           0%         N/A       75%         3
 Sticky Flame             Conj/Fire      0%         2d3       98%         4
 Dispersal                Tloc           0%         N/A       100%        6
 Ignition                 Fire           0%         3d3       100%        8


Dungeon Overview and Level Annotations

Branches:
Dungeon (6/15)             Temple (1/1) D:5

Altars:
Ashenzari
Cheibriados
Dithmenos
Fedhas
Gozag
Hepliaklqana
Kikubaaqudgha
Makhleb
Okawaru
Qazlal
Ru
Trog
Uskayaw
Vehumet
Yredelemnul
The Shining One


Innate Abilities, Weirdness & Mutations

You are a tree.
Your roots penetrate the ground, keeping you stationary.
You cannot be teleported.
You are immune to unholy pain and torment.
Your maximum health is greatly increased.
Your equipment is partially melded.
((You have extremely sharp teeth.))
Your natural rate of healing is unusually fast.
When hurt, damage is shared between your health and your magic reserves.
((Your bite disrupts and absorbs the magic of your enemies.))
Potions cannot restore your health.


Message History

The phantom hits you but does no damage.
You hit the ogre.
The ogre is lightly wounded.
The scorpion completely misses you.
The scorpion stings you but does no damage.
The ogre hits you but does no damage.
The phantom hits you but does no damage.
You closely miss the ogre.
The ogre is lightly wounded.
The scorpion stings you but does no damage. x2
The ogre hits you with a +0 giant spiked club!!
* * * LOW HITPOINT WARNING * * *
The phantom hits you.
* * * LOW HITPOINT WARNING * * *
You hit the ogre.
The ogre is poisoned.
The ogre is moderately wounded.
The scorpion stings you but does no damage.
The scorpion barely misses you.
The scorpion stings you but does no damage. x2
The phantom hits you but does no damage.
You hit the ogre.
The ogre looks as sick as possible!
The ogre is moderately wounded.
The ogre hits you with a +0 giant spiked club.
* * * LOW HITPOINT WARNING * * *
The scorpion stings you but does no damage. x2
The phantom hits you but does no damage.
You hit the ogre.
The ogre is heavily wounded.
The scorpion stings you but does no damage. x2
The ogre hits you with a +0 giant spiked club!
* * * LOW HITPOINT WARNING * * *
The phantom hits you but does no damage.
You miss the phantom.
The phantom is severely damaged.
The scorpion stings you but does no damage. x2
The phantom hits you but does no damage.
You hit the scorpion.
The scorpion is poisoned.
The scorpion is lightly wounded.
The scorpion stings you.
You die...

# #. #.#########
#........$## ##..#.
.#..##
##...........#.#...#
#..#...#...#.......#
#....#ss.#....#....#
#.#....♣O.[.#.#O...#
#...#..W..#...#.$..# #
# #.........#.#....#.#
#....#...#....#.......
#..#...#...#......##...
## (..............##.#.
#..#.#.#........##.#.#
##..............##.#..
#########..#...##.##.


You could see an ogre (extremely poisoned), a phantom and 2 scorpions.

Vanquished Creatures
  A black bear (D:3)
  An ogre (D:5)
  A bullfrog (D:6)
  5 scorpions
  A jelly (D:5)
  A sleepcap (D:5)
  4 adders
  A worm (D:2)
  4 dart slugs (D:1)
  An orc (D:5)
  2 ball pythons
  5 bats
  5 endoplasms
  2 giant cockroaches
  2 goblins
  A hobgoblin (D:1)
  4 quokkas
  A frilled lizard (D:1)
  4 kobolds
  5 rats
51 creatures vanquished.

Notes
Turn   | Place    | Note
-------+----------+-------------------------------------------
     0 | D:1      | Ethylacetat the Vine Stalker Monk began the quest for the
                  | Orb.
     0 | D:1      | Reached XP level 1. HP: 11/11 MP: 2/2
   124 | D:1      | Reached XP level 2. HP: 16/16 MP: 3/3
   385 | D:1      | Reached XP level 3. HP: 19/20 MP: 4/4
  1139 | D:2      | Found a faded altar of an unknown god.
  1305 | D:2      | Gained mutation: Your natural rate of healing is unusually
                  | fast. [Vine Stalker growth]
  1305 | D:2      | Reached XP level 4. HP: 5/24 MP: 1/5
  1745 | D:3      | Noticed a black bear
  1761 | D:3      | Killed a black bear
  1762 | D:3      | Reached XP level 5. HP: 29/29 MP: 3/6
  1786 | D:3      | You fall into a shaft and drop 2 floors!
  1786 | D:5      | Entered Level 5 of the Dungeon
  1786 | D:5      | Found a staircase to the Ecumenical Temple.
  1790 | Temple   | Entered the Ecumenical Temple
  1809 | Temple   | Became a worshipper of Dithmenos the Shadowed
  1809 | Temple   | Reached * piety under Dithmenos
  1809 | Temple   | Reached ** piety under Dithmenos
  1975 | D:5      | Reached XP level 6. HP: 33/33 MP: 7/7
  2552 | D:5      | Reached skill level 5 in Unarmed Combat
  2552 | D:5      | Reached XP level 7. HP: 30/38 MP: 6/8
  3109 | D:6      | Reached skill level 5 in Fighting
  3255 | D:6      | Found a radiant altar of Vehumet.
  3273 | D:6      | HP: 1/58 [ogre/+0 giant spiked club (10)]
  3275 | D:6      | Slain by a scorpion

Illustrated notes

Levels and vault maps discovered:
D:1:      erik_arrival_cave_to_civilisation [erik_arrival_cave_to_hall],
          layout_loops_ring, minivault_19, nicolae_titane
D:2:      layout_basic, ebering_ecumenical_altar_rust, nrook_uturn,
          kennysheep_big_empty_room, reono_crystal_passage
D:3:      layout_basic
D:5:      layout_layer_cave, minmay_temple_entry_tees
D:6:      layout_rooms, nicolae_vehumet_radiance,
          nicolae_wu_jian_immortal_techniques, kennysheep_crisscross,
          dk_rats_in_the_wall
Temple:   eino_wide_crystal_templ

Skill      XL: |  1  2  3  4  5  6  7 |
---------------+----------------------+-----
Fighting       | 3 4 5 |  5.1
Dodging        | 3 4 |  4.5
Unarmed Combat | 4 5 |  5.4

Action                     |  1- 3 |  4- 6 |  7- 9 || total
---------------------------+-------+-------+-------++-------
  Melee: Unarmed           |    14 |       |       ||    14
         Bite              |    21 |    23 |    11 ||    55
         Dagger            |    58 |    71 |    39 ||   168
         Punch             |       |     1 |     1 ||     2
    Use: Potion            |       |     2 |     2 ||     4
   Stab: Sleeping          |       |     2 |     2 ||     4
 Armour: Robe              |     9 |     4 |     4 ||    17
         Skin              |       |    47 |    24 ||    71
  Dodge: Dodged            |    49 |    43 |    21 ||   113

Table legend: (Time is in decaauts)
 A = Elapsed time spent in this place.
 B = Non-inter-level travel time spent in this place.
 C = Inter-level travel time spent in this place.
 D = Time resting spent in this place.
 E = Time spent auto-exploring this place.
 F = Levels seen in this place.
 G = Mean time per level.
                   A        B        C        D        E       F      G
               +--------+--------+--------+--------+--------+-----+--------+
         Total |   3272 |   3049 |    223 |      4 |   2614 |   6 |  545.3 |
       Dungeon |   3233 |   3046 |    187 |      4 |   2614 |   5 |  646.6 |
        Temple |     38 |      2 |     36 |      0 |      0 |   1 |   38.0 |
               +--------+--------+--------+--------+--------+-----+--------+

Top non-repeatable levels by time:
     D:5: 1276 daAuts
     D:1: 1052 daAuts
     D:2: 690 daAuts
     D:6: 173 daAuts
     D:3: 40 daAuts
  Temple: 38 daAuts
